MONTREAL vs VANCOUVER

Created - February-10-21 at 18:39

Goals
1 2 3 T
MONTREAL 2 0 2 4
VANCOUVER 1 0 0 1
Shots
1 2 3 T
MONTREAL 14 5 12 31
VANCOUVER 12 9 6 27

1st period

1. VANCOUVER , Sami Vatanen 6 (Mark Stone 7) at 13:14
2. MONTREAL , Nathan MacKinnon 9 (Tony DeAngelo 6, P.K. Subban 8) at 15:48
3. MONTREAL , Alex Iafallo 4 (Nathan MacKinnon 8, Connor Murphy 7) at 16:36

Penalties :
Erik Johnson (VAN) for Interference (Minor) at 2:53, Nino Niederreiter (MON) for Interference (Minor) at 7:03

2nd period

No Goal

Penalties :
P.K. Subban (MON) for Hooking (Minor) at 3:30

3rd period

4. MONTREAL , Wayne Simmonds 4 (Erik Gustafsson 10, Nathan Beaulieu 4) at 7:18
5. MONTREAL , Nathan Beaulieu 1 (Joel Armia 6, Roope Hintz 2) at 19:47

Penalties :
Vincent Trocheck (MON) for Holding (Minor) at 1:15, Troy Brouwer (VAN) for Slashing (Minor) at 5:12, Tyler Seguin (VAN) for Hooking (Minor) at 7:25, Luca Sbisa (VAN) for Hooking (Minor) at 12:41, Robin Lehner (MON) for Delaying the game (Minor) at 17:06 - Wayne Simmonds served the penalty.

Goalie Stats

Robin Lehner (MON), 26 saves from 27 shots - (0.963), W, 10-8-2, 60:00 minutes
Petr Mrazek (VAN), 27 saves from 31 shots - (0.871), L, 5-11-3, 60:00 minutes

Players Stats for MONTREAL

Player Name              G  A  P  +/- PIM S  H  SB GA TA FO     MP     PP MP  PK MP  
------------------------------------------------------------------------------------
Alex Iafallo             1  0  1   2  0   2  0  0  0  0  0/1    14:01   0:00   0:00 
Brock McGinn             0  0  0   1  0   1  0  1  0  0  0/1    12:00   0:00   3:41 
Connor Murphy            0  1  1   1  0   0  2  1  0  0  0/0    19:52   0:00   3:00 
Erik Gustafsson          0  1  1   2  0   3  1  0  0  0  0/0    19:44   3:53   4:20 
Joel Armia               0  1  1   1  0   1  1  0  0  0  0/0    13:58   0:00   3:23 
Keith Yandle             0  0  0   1  0   1  0  2  0  0  0/0    21:44   4:03   1:01 
Mark Jankowski           0  0  0   1  0   0  0  0  0  0  4/8     9:15   0:00   0:56 
Max Pacioretty           0  0  0   2  0   1  3  0  0  0  0/2    18:44   3:51   0:52 
Nathan Beaulieu          1  1  2   2  0   1  1  0  0  0  0/0    15:37   0:00   4:06 
Nathan MacKinnon         1  1  2   2  0   5  0  0  0  0  10/23  17:52   3:51   0:00 
Nino Niederreiter        0  0  0  -1  2   0  3  0  0  0  0/1    11:12   0:00   0:00 
P.K. Subban              0  1  1   0  2   2  1  0  0  0  0/0    22:38   3:53   2:49 
Phillip Danault          0  0  0  -1  0   1  1  0  0  0  12/23  19:45   4:05   4:27 
Roope Hintz              0  1  1   1  0   1  0  0  0  0  0/2    14:40   4:05   0:00 
Tomas Tatar              0  0  0  -1  0   6  1  0  0  0  1/3    15:04   3:51   0:00 
Tony DeAngelo            0  1  1   0  0   1  2  1  0  0  0/0    20:24   4:03   0:36 
Vincent Trocheck         0  0  0   1  2   2  1  0  0  0  8/16   17:12   4:05   2:33 
Wayne Simmonds           1  0  1   1  0   3  1  1  0  0  0/0     8:19   0:00   0:00 

Players Stats for VANCOUVER

Player Name              G  A  P  +/- PIM S  H  SB GA TA FO     MP     PP MP  PK MP  
------------------------------------------------------------------------------------
Alex Steen               0  0  0  -1  0   2  1  0  0  0  0/0    14:59   0:10   5:16 
Erik Johnson             0  0  0  -1  2   0  3  1  0  0  0/0    23:59   4:24   2:21 
Hampus Lindholm          0  0  0  -1  0   1  1  0  0  0  0/0    22:19   3:32   4:15 
Jonathan Huberdeau       0  0  0   1  0   1  2  0  0  0  0/1    20:52   4:14   0:41 
Luca Sbisa               0  0  0  -1  2   0  2  1  0  0  0/0    14:08   0:00   0:00 
Mark Stone               0  1  1   1  0   3  1  0  0  0  2/3    20:11   4:14   0:00 
Melker Karlsson          0  0  0  -1  0   0  0  0  0  0  0/0     9:33   0:00   0:00 
Nazem Kadri              0  0  0  -1  0   0  2  0  0  0  21/33  22:24   3:32   5:25 
Nick Schmaltz            0  0  0  -1  0   1  0  0  0  0  3/7     9:43   0:10   0:00 
Nikolaj Ehlers           0  0  0  -1  0   5  1  0  0  0  0/2    16:59   3:32   0:00 
Ryan Ellis               0  0  0  -1  0   1  3  2  0  0  0/0    23:32   4:24   3:41 
Sami Vatanen             1  0  1  -1  0   3  0  2  0  0  0/0    22:19   3:32   4:15 
Sheldon Dries            0  0  0  -2  0   1  1  0  0  0  4/10    7:26   0:00   2:15 
TJ Brodie                0  0  0  -1  0   0  0  0  0  0  0/0    13:41   0:00   1:20 
Trevor Moore             0  0  0  -2  0   1  0  0  0  0  0/0     5:11   0:00   0:00 
Troy Brouwer             0  0  0  -2  2   2  0  0  0  0  0/0     5:20   0:10   0:00 
Tyler Seguin             0  0  0   1  2   2  1  1  0  0  15/23  20:10   4:14   0:00 
Zach Parise              0  0  0  -1  0   4  2  0  0  0  0/1    19:14   3:32   2:15 

3 Stars

1 - Nathan Beaulieu (MON)
2 - Nathan MacKinnon (MON)
3 - Alex Iafallo (MON)

Power Play

MONTREAL - 0 on 4 Attempt(s) - 0.00%
VANCOUVER - 0 on 4 Attempt(s) - 0.00%

Penalty Kill

MONTREAL - 4 on 4 Attempt(s) - 100.00% - Score 0 goal in Penalty Kill
VANCOUVER - 4 on 4 Attempt(s) - 100.00% - Score 0 goal in Penalty Kill

Team Stat

MONTREAL - Hits : 18 - Faceoff Wins : 35 - Blocked Shots : 6 - Penalty Minutes : 8
VANCOUVER - Hits : 20 - Faceoff Wins : 45 - Blocked Shots : 7 - Penalty Minutes : 8

Official

Referees : Justin Kea and Robert Hennessey
Linesman : Travis Toomey and Jim Harper

Game Notes

No Game Note

Finance

Level 1 -- Attendance: 5842 (97.37%) -- Ticket Income $502,412
Level 2 -- Attendance: 5000 (100.00%) -- Ticket Income $280,000
Level 3 -- Attendance: 1989 (99.45%) -- Ticket Income $63,648
Level 4 -- Attendance: 4000 (100.00%) -- Ticket Income $76,000
Luxury Box -- Attendance: 978 (97.80%) -- Ticket Income $177,996
Game was played at the Rogers Arena.
Total Attendance: 17809 (98.94%)
Total Ticket Income: $1,100,056
Total Income: $1,100,056

MONTREAL

5 vs 5 Forward 
   Center                   Left Wing                Right Wing               Time % Phy DF OF 
 1 Nathan MacKinnon         Max Pacioretty           Alex Iafallo             35     0   1  4  
 2 Phillip Danault          Tomas Tatar              Nino Niederreiter        30     0   2  3  
 3 Vincent Trocheck         Roope Hintz              Joel Armia               25     1   2  2  
 4 Mark Jankowski           Brock McGinn             Wayne Simmonds           10     1   3  1  

5 vs 5 Defense 
   Defense                  Defense                                           Time % Phy DF OF 
 1 P.K. Subban              Tony DeAngelo                                     37     0   2  3  
 2 Keith Yandle             Connor Murphy                                     32     0   2  3  
 3 Erik Gustafsson          Nathan Beaulieu                                   25     1   2  2  
 4 P.K. Subban              Tony DeAngelo                                     6      0   3  2  

PowerPlay Forward 
   Center                   Left Wing                Right Wing               Time % Phy DF OF 
 1 Nathan MacKinnon         Max Pacioretty           Tomas Tatar              60     0   1  4  
 2 Phillip Danault          Roope Hintz              Vincent Trocheck         40     0   1  4  

PowerPlay Defense
   Defense                  Defense                                           Time % Phy DF OF 
 1 Keith Yandle             Tony DeAngelo                                     60     0   2  3  
 2 P.K. Subban              Erik Gustafsson                                   40     0   2  3  

Penalty Kill 4 Players Forward 
   Center                   Wing                     Time % Phy DF OF 
 1 Phillip Danault          Brock McGinn             60     0   4  1  
 2 Vincent Trocheck         Joel Armia               40     0   4  1  

Penalty Kill 4 Players Defense
   Defense                  Defense                  Time % Phy DF OF 
 1 Connor Murphy            P.K. Subban              60     1   3  1  
 2 Erik Gustafsson          Nathan Beaulieu          40     1   3  1  

Penalty Kill - 3 Players Forward 
   Forward                                           Time % Phy DF OF 
 1 Phillip Danault                                   60     0   5  0  
 2 Vincent Trocheck                                  40     0   5  0  

Penalty Kill - 3 Players Defense
   Defense                  Defense                  Time % Phy DF OF 
 1 Connor Murphy            P.K. Subban              60     1   4  0  
 2 Erik Gustafsson          Nathan Beaulieu          40     1   4  0  

4 vs 4 Forward 
   Center                   Wing                     Time % Phy DF OF 
 1 Nathan MacKinnon         Max Pacioretty           60     0   1  4  
 2 Vincent Trocheck         Tomas Tatar              40     0   2  3  

4 vs 4 Defense
   Defense                  Defense                  Time % Phy DF OF 
 1 Tony DeAngelo            P.K. Subban              60     0   2  3  
 2 Erik Gustafsson          Connor Murphy            40     1   2  2  

Last Minutes Offensive
   Center                   Left Wing                Right Wing               Defense                  Defense                  
   Nathan MacKinnon         Tomas Tatar              Max Pacioretty           Tony DeAngelo            P.K. Subban              

Last Minutes Defensive
   Center                   Left Wing                Right Wing               Defense                  Defense                  
   Phillip Danault          Brock McGinn             Vincent Trocheck         P.K. Subban              Connor Murphy            

Goaltenders
Starting : Robin Lehner             
Backup : Thomas Greiss            

Extra Forwards
Normal : Nathan MacKinnon, Max Pacioretty, Roope Hintz - PP : Alex Iafallo, Roope Hintz - PK : Brock McGinn
Extra Defensemen
Normal : Tony DeAngelo, P.K. Subban, Keith Yandle - PP : Tony DeAngelo - PK : Connor Murphy, P.K. Subban
Penalty Shots
Nathan MacKinnon, Max Pacioretty, Tomas Tatar, Roope Hintz, Vincent Trocheck

Scratches
MTL Cap Hit (Suspend)

VANCOUVER

5 vs 5 Forward 
   Center                   Left Wing                Right Wing               Time % Phy DF OF 
 1 Tyler Seguin             Jonathan Huberdeau       Mark Stone               38     0   1  4  
 2 Nazem Kadri              Zach Parise              Nikolaj Ehlers           37     0   2  3  
 3 Nick Schmaltz            Alex Steen               Melker Karlsson          25     1   3  1  
 4 Sheldon Dries            Trevor Moore             Troy Brouwer             0      1   4  0  

5 vs 5 Defense 
   Defense                  Defense                                           Time % Phy DF OF 
 1 Ryan Ellis               Erik Johnson                                      40     0   2  3  
 2 Hampus Lindholm          Sami Vatanen                                      35     0   2  3  
 3 TJ Brodie                Luca Sbisa                                        25     1   4  0  
 4 Ryan Ellis               Erik Johnson                                      0      0   3  2  

PowerPlay Forward 
   Center                   Left Wing                Right Wing               Time % Phy DF OF 
 1 Tyler Seguin             Jonathan Huberdeau       Mark Stone               60     0   0  5  
 2 Nazem Kadri              Zach Parise              Nikolaj Ehlers           40     0   0  5  

PowerPlay Defense
   Defense                  Defense                                           Time % Phy DF OF 
 1 Ryan Ellis               Erik Johnson                                      60     1   0  4  
 2 Hampus Lindholm          Sami Vatanen                                      40     1   0  4  

Penalty Kill 4 Players Forward 
   Center                   Wing                     Time % Phy DF OF 
 1 Nazem Kadri              Alex Steen               60     1   4  0  
 2 Sheldon Dries            Zach Parise              40     1   4  0  

Penalty Kill 4 Players Defense
   Defense                  Defense                  Time % Phy DF OF 
 1 Ryan Ellis               Erik Johnson             60     1   4  0  
 2 Hampus Lindholm          Sami Vatanen             40     1   4  0  

Penalty Kill - 3 Players Forward 
   Forward                                           Time % Phy DF OF 
 1 Nazem Kadri                                       60     1   2  2  
 2 Tyler Seguin                                      40     1   2  2  

Penalty Kill - 3 Players Defense
   Defense                  Defense                  Time % Phy DF OF 
 1 Ryan Ellis               Erik Johnson             60     1   2  2  
 2 Hampus Lindholm          Sami Vatanen             40     1   2  2  

4 vs 4 Forward 
   Center                   Wing                     Time % Phy DF OF 
 1 Tyler Seguin             Jonathan Huberdeau       60     0   1  4  
 2 Nazem Kadri              Mark Stone               40     0   1  4  

4 vs 4 Defense
   Defense                  Defense                  Time % Phy DF OF 
 1 Ryan Ellis               Erik Johnson             60     1   2  2  
 2 Hampus Lindholm          Sami Vatanen             40     1   2  2  

Last Minutes Offensive
   Center                   Left Wing                Right Wing               Defense                  Defense                  
   Tyler Seguin             Jonathan Huberdeau       Mark Stone               Ryan Ellis               Sami Vatanen             

Last Minutes Defensive
   Center                   Left Wing                Right Wing               Defense                  Defense                  
   Tyler Seguin             Jonathan Huberdeau       Mark Stone               Ryan Ellis               Erik Johnson             

Goaltenders
Starting : Petr Mrazek              
Backup : Hunter Miska             

Extra Forwards
Normal : Zach Parise, Jonathan Huberdeau, Mark Stone - PP : Nazem Kadri, Tyler Seguin - PK : Jonathan Huberdeau
Extra Defensemen
Normal : TJ Brodie, Ryan Ellis, Hampus Lindholm - PP : TJ Brodie - PK : TJ Brodie, Luca Sbisa
Penalty Shots
Mark Stone, Tyler Seguin, Jonathan Huberdeau, Zach Parise, Nikolaj Ehlers

Scratches
None


% Time on Ice - MONTREAL

Lines # - Real PCT - Wanted PCT - Time Play
Normal Forward
1 - 32% - 35% - 14:01
2 - 25% - 30% - 11:13
3 - 24% - 25% - 10:35
4 - 19% - 10% - 8:19
Normal Defense
1 - 36% - 37% - 15:43
2 - 37% - 32% - 16:08
3 - 26% - 25% - 11:31
4 - 2% - 6% - 0:46
PP Forward
1 - 49% - 60% - 3:51
2 - 51% - 40% - 4:05
PP Defense
1 - 51% - 60% - 4:03
2 - 49% - 40% - 3:53
PK Forward
1 - 57% - 60% - 4:33
2 - 43% - 40% - 3:23
PK Defense
1 - 48% - 60% - 3:50
2 - 52% - 40% - 4:06
PK3 Forward
1 - 0% - 60%
2 - 0% - 40%
PK3 Defense
1 - 0% - 60%
2 - 0% - 40%
44 Forward
1 - 0% - 60%
2 - 0% - 40%
44 Defense
1 - 0% - 60%
2 - 0% - 40%
Last Minute Offensive  - 0:00
Last Minute Defensive  - 0:00
Total
Forward - 60:00
Defense - 60:00

% Time on Ice - VANCOUVER

Lines # - Real PCT - Wanted PCT - Time Play
Normal Forward
1 - 36% - 38% - 15:57
2 - 30% - 37% - 13:27
3 - 22% - 25% - 9:33
4 - 12% - 0% - 5:11
Normal Defense
1 - 39% - 40% - 17:15
2 - 33% - 35% - 14:32
3 - 28% - 25% - 12:21
4 - 0% - 0% - 0:00
PP Forward
1 - 55% - 60% - 4:24
2 - 45% - 40% - 3:32
PP Defense
1 - 55% - 60% - 4:24
2 - 45% - 40% - 3:32
PK Forward
1 - 72% - 60% - 5:41
2 - 28% - 40% - 2:15
PK Defense
1 - 46% - 60% - 3:41
2 - 54% - 40% - 4:15
PK3 Forward
1 - 0% - 60%
2 - 0% - 40%
PK3 Defense
1 - 0% - 60%
2 - 0% - 40%
44 Forward
1 - 0% - 60%
2 - 0% - 40%
44 Defense
1 - 0% - 60%
2 - 0% - 40%
Last Minute Offensive  - 0:00
Last Minute Defensive  - 0:00
Total
Forward - 60:00
Defense - 60:00

Play-by-Play

1st period


0:01 of 1st period - Nathan MacKinnon wins face-off versus Tyler Seguin in neutral zone.
0:16 of 1st period - Shot by Nathan MacKinnon.
0:16 of 1st period - Shot Misses the Net.
0:18 of 1st period - Shot by P.K. Subban.
0:18 of 1st period - Stopped by Petr Mrazek without a rebound.
0:19 of 1st period - Tomas Tatar wins face-off versus Nazem Kadri in VANCOUVER zone.
1:01 of 1st period - Off-side.
1:02 of 1st period - Nick Schmaltz wins face-off versus Roope Hintz in neutral zone.
1:04 of 1st period - Off-side.
1:05 of 1st period - Vincent Trocheck wins face-off versus Nick Schmaltz in neutral zone.
1:07 of 1st period - Joel Armia is hit by Luca Sbisa.
1:28 of 1st period - Shot by Vincent Trocheck.
1:28 of 1st period - Stopped by Petr Mrazek with a rebound.
1:40 of 1st period - Shot by Roope Hintz.
1:40 of 1st period - Stopped by Petr Mrazek without a rebound.
1:41 of 1st period - Tyler Seguin wins face-off versus Nathan MacKinnon in VANCOUVER zone.
1:58 of 1st period - Shot by Mark Stone.
1:58 of 1st period - Stopped by Robin Lehner without a rebound.
1:59 of 1st period - Nazem Kadri wins face-off versus Mark Jankowski in MONTREAL zone.
2:04 of 1st period - Shot by Nikolaj Ehlers.
2:04 of 1st period - Shot Misses the Net.
2:06 of 1st period - Shot by Sami Vatanen.
2:06 of 1st period - Shot Blocked by Keith Yandle.
2:22 of 1st period - Shot by Nikolaj Ehlers.
2:22 of 1st period - Shot Blocked by Wayne Simmonds.
2:53 of 1st period - Minor Penalty to Erik Johnson for Interference.
2:54 of 1st period - Nazem Kadri wins face-off versus Nathan MacKinnon in VANCOUVER zone.
2:54 of 1st period - Ryan Ellis is hit by Max Pacioretty and loses puck.
2:59 of 1st period - Shot by Erik Gustafsson.
2:59 of 1st period - Stopped by Petr Mrazek with a rebound.
3:21 of 1st period - Shot by Erik Gustafsson.
3:21 of 1st period - Stopped by Petr Mrazek with a rebound.
4:23 of 1st period - Keith Yandle is hit by Sheldon Dries and loses puck.
4:56 of 1st period - Shot by Mark Jankowski.
4:56 of 1st period - Deflect By Wayne Simmonds.
4:56 of 1st period - Stopped by Petr Mrazek without a rebound.
4:57 of 1st period - Tyler Seguin wins face-off versus Mark Jankowski in VANCOUVER zone.
5:48 of 1st period - Icing by Erik Johnson.
5:49 of 1st period - Tyler Seguin wins face-off versus Alex Iafallo in VANCOUVER zone.
5:54 of 1st period - Erik Johnson is hit by Max Pacioretty and loses puck.
7:02 of 1st period - Sami Vatanen is hit by Nino Niederreiter.
7:03 of 1st period - Minor Penalty to Nino Niederreiter for Interference.
7:04 of 1st period - Nazem Kadri wins face-off versus Phillip Danault in MONTREAL zone.
7:07 of 1st period - Shot by Hampus Lindholm.
7:07 of 1st period - Shot Misses the Net.
7:09 of 1st period - Shot by Hampus Lindholm.
7:09 of 1st period - Shot Misses the Net.
7:11 of 1st period - Shot by Hampus Lindholm.
7:11 of 1st period - Stopped by Robin Lehner without a rebound.
7:12 of 1st period - Nazem Kadri wins face-off versus Phillip Danault in MONTREAL zone.
7:13 of 1st period - Shot by Hampus Lindholm.
7:13 of 1st period - Shot Misses the Net.
7:15 of 1st period - Shot by Sami Vatanen.
7:15 of 1st period - Shot Misses the Net.
8:00 of 1st period - Shot by Erik Johnson.
8:00 of 1st period - Shot Misses the Net.
8:02 of 1st period - Shot by Alex Steen.
8:02 of 1st period - Stopped by Robin Lehner without a rebound.
8:03 of 1st period - Phillip Danault wins face-off versus Tyler Seguin in MONTREAL zone.
8:48 of 1st period - Connor Murphy is hit by Nazem Kadri and loses puck.
9:16 of 1st period - Shot by Nick Schmaltz.
9:16 of 1st period - Shot Misses the Net.
9:34 of 1st period - Shot by Nick Schmaltz.
9:34 of 1st period - Stopped by Robin Lehner without a rebound.
9:35 of 1st period - Sheldon Dries wins face-off versus Vincent Trocheck in MONTREAL zone.
9:40 of 1st period - Shot by Troy Brouwer.
9:40 of 1st period - Stopped by Robin Lehner with a rebound.
9:42 of 1st period - Shot by Erik Johnson.
9:42 of 1st period - Shot Blocked by Tony DeAngelo.
9:44 of 1st period - Shot by Trevor Moore.
9:44 of 1st period - Stopped by Robin Lehner without a rebound.
9:45 of 1st period - Sheldon Dries wins face-off versus Vincent Trocheck in MONTREAL zone.
9:50 of 1st period - Shot by Trevor Moore.
9:50 of 1st period - Deflect By Troy Brouwer.
9:50 of 1st period - Stopped by Robin Lehner with a rebound.
10:06 of 1st period - Shot by Sheldon Dries.
10:06 of 1st period - Shot Blocked by Connor Murphy.
11:38 of 1st period - Shot by Nikolaj Ehlers.
11:38 of 1st period - Stopped by Robin Lehner without a rebound.
11:39 of 1st period - Phillip Danault wins face-off versus Tyler Seguin in MONTREAL zone.
11:39 of 1st period - Phillip Danault is hit by Mark Stone.
11:48 of 1st period - Off-side.
11:49 of 1st period - Phillip Danault wins face-off versus Mark Stone in neutral zone.
12:11 of 1st period - Icing by P.K. Subban.
12:12 of 1st period - Nazem Kadri wins face-off versus Phillip Danault in MONTREAL zone.
13:14 of 1st period - Shot by Sami Vatanen.
13:14 of 1st period - Goal by Sami Vatanen - MONTREAL : 0 - VANCOUVER : 1.
13:15 of 1st period - Vincent Trocheck wins face-off versus Nick Schmaltz in neutral zone.
13:19 of 1st period - Connor Murphy is hit by Alex Steen and loses puck.
14:31 of 1st period - Off-side.
14:32 of 1st period - Nathan MacKinnon wins face-off versus Nazem Kadri in neutral zone.
14:42 of 1st period - Off-side.
14:43 of 1st period - Mark Jankowski wins face-off versus Sheldon Dries in neutral zone.
15:02 of 1st period - Shot by Wayne Simmonds.
15:02 of 1st period - Stopped by Petr Mrazek with a rebound.
15:04 of 1st period - Shot by Brock McGinn.
15:04 of 1st period - Stopped by Petr Mrazek with a rebound.
15:06 of 1st period - Shot by Wayne Simmonds.
15:06 of 1st period - Shot Blocked by Erik Johnson.
15:48 of 1st period - Shot by Nathan MacKinnon.
15:48 of 1st period - Goal by Nathan MacKinnon - MONTREAL : 1 - VANCOUVER : 1.
15:49 of 1st period - Phillip Danault wins face-off versus Nazem Kadri in neutral zone.
16:00 of 1st period - Shot by Tomas Tatar.
16:00 of 1st period - Stopped by Petr Mrazek without a rebound.
16:01 of 1st period - Tyler Seguin wins face-off versus Nathan MacKinnon in VANCOUVER zone.
16:19 of 1st period - Icing by Alex Iafallo.
16:20 of 1st period - Nazem Kadri wins face-off versus Nathan MacKinnon in MONTREAL zone.
16:36 of 1st period - Shot by Nathan MacKinnon.
16:36 of 1st period - Deflect By Alex Iafallo.
16:36 of 1st period - Goal by Alex Iafallo - MONTREAL : 2 - VANCOUVER : 1.
16:37 of 1st period - Tyler Seguin wins face-off versus Phillip Danault in neutral zone.
16:46 of 1st period - Shot by Jonathan Huberdeau.
16:46 of 1st period - Shot Misses the Net.
16:48 of 1st period - Shot by Mark Stone.
16:48 of 1st period - Stopped by Robin Lehner without a rebound.
16:49 of 1st period - Nazem Kadri wins face-off versus Vincent Trocheck in MONTREAL zone.
16:56 of 1st period - Shot by Zach Parise.
16:56 of 1st period - Stopped by Robin Lehner with a rebound.
17:20 of 1st period - Shot by Vincent Trocheck.
17:20 of 1st period - Stopped by Petr Mrazek without a rebound.
17:21 of 1st period - Mark Stone wins face-off versus Tomas Tatar in VANCOUVER zone.
17:23 of 1st period - Icing by Jonathan Huberdeau.
17:24 of 1st period - Tyler Seguin wins face-off versus Phillip Danault in VANCOUVER zone.
18:08 of 1st period - Tomas Tatar is hit by Jonathan Huberdeau and loses puck.
18:12 of 1st period - Off-side.
18:13 of 1st period - Nazem Kadri wins face-off versus Nathan MacKinnon in neutral zone.
18:29 of 1st period - Shot by Nathan MacKinnon.
18:29 of 1st period - Shot Blocked by Sami Vatanen.
18:31 of 1st period - Shot by Alex Iafallo.
18:31 of 1st period - Shot Misses the Net.
18:33 of 1st period - Shot by Max Pacioretty.
18:33 of 1st period - Stopped by Petr Mrazek with a rebound.
18:35 of 1st period - Shot by Nathan MacKinnon.
18:35 of 1st period - Stopped by Petr Mrazek without a rebound.
18:36 of 1st period - Nick Schmaltz wins face-off versus Vincent Trocheck in VANCOUVER zone.
19:24 of 1st period - Off-side.
19:25 of 1st period - Nathan MacKinnon wins face-off versus Nikolaj Ehlers in neutral zone.
19:30 of 1st period - Shot by Nathan MacKinnon.
19:30 of 1st period - Shot Misses the Net.
19:38 of 1st period - Shot by Nikolaj Ehlers.
19:38 of 1st period - Stopped by Robin Lehner without a rebound.
19:39 of 1st period - Tyler Seguin wins face-off versus Nino Niederreiter in MONTREAL zone.
19:57 of 1st period - Phillip Danault is hit by Ryan Ellis and loses puck.
Goals for this period are 2 for MONTREAL vs 1 for VANCOUVER.
Shots for this period are 14 for MONTREAL vs 12 for VANCOUVER.

2nd period


0:01 of 2nd period - Nazem Kadri wins face-off versus Nathan MacKinnon in neutral zone.
0:10 of 2nd period - Shot by Nazem Kadri.
0:10 of 2nd period - Shot Misses the Net.
0:12 of 2nd period - Shot by Nikolaj Ehlers.
0:12 of 2nd period - Shot Misses the Net.
0:14 of 2nd period - Shot by Sami Vatanen.
0:14 of 2nd period - Stopped by Robin Lehner without a rebound.
0:15 of 2nd period - Tyler Seguin wins face-off versus Phillip Danault in MONTREAL zone.
0:38 of 2nd period - Shot by Mark Stone.
0:38 of 2nd period - Deflect By Jonathan Huberdeau.
0:38 of 2nd period - Stopped by Robin Lehner without a rebound.
0:39 of 2nd period - Nazem Kadri wins face-off versus Nathan MacKinnon in MONTREAL zone.
0:39 of 2nd period - Nazem Kadri is hit by P.K. Subban.
0:51 of 2nd period - Shot by Alex Iafallo.
0:51 of 2nd period - Stopped by Petr Mrazek without a rebound.
0:52 of 2nd period - Tyler Seguin wins face-off versus Vincent Trocheck in VANCOUVER zone.
1:09 of 2nd period - Erik Johnson is hit by Joel Armia.
1:27 of 2nd period - Shot by Tyler Seguin.
1:27 of 2nd period - Shot Misses the Net.
2:40 of 2nd period - Alex Steen is hit by Nino Niederreiter.
2:54 of 2nd period - Shot by Alex Steen.
2:54 of 2nd period - Stopped by Robin Lehner without a rebound.
2:55 of 2nd period - Mark Jankowski wins face-off versus Sheldon Dries in MONTREAL zone.
3:21 of 2nd period - Off-side.
3:22 of 2nd period - Vincent Trocheck wins face-off versus Tyler Seguin in neutral zone.
3:30 of 2nd period - Minor Penalty to P.K. Subban for Hooking.
3:31 of 2nd period - Tyler Seguin wins face-off versus Phillip Danault in MONTREAL zone.
3:51 of 2nd period - Ryan Ellis is hit by Erik Gustafsson.
3:53 of 2nd period - Shot by Erik Johnson.
3:53 of 2nd period - Shot Misses the Net.
3:55 of 2nd period - Shot by Mark Stone.
3:55 of 2nd period - Deflect By Tyler Seguin.
3:55 of 2nd period - Shot Misses the Net.
3:59 of 2nd period - Shot by Tyler Seguin.
3:59 of 2nd period - Stopped by Robin Lehner without a rebound.
4:00 of 2nd period - Phillip Danault wins face-off versus Nazem Kadri in MONTREAL zone.
4:05 of 2nd period - Nikolaj Ehlers is hit by Phillip Danault and loses puck.
4:20 of 2nd period - Shot by Nikolaj Ehlers.
4:20 of 2nd period - Stopped by Robin Lehner without a rebound.
4:21 of 2nd period - Tyler Seguin wins face-off versus Vincent Trocheck in MONTREAL zone.
4:21 of 2nd period - Ryan Ellis is hit by Nathan Beaulieu.
5:01 of 2nd period - Shot by Tyler Seguin.
5:01 of 2nd period - Stopped by Robin Lehner without a rebound.
5:02 of 2nd period - Phillip Danault wins face-off versus Nazem Kadri in MONTREAL zone.
5:02 of 2nd period - Phillip Danault is hit by Zach Parise.
5:18 of 2nd period - Shot by Zach Parise.
5:18 of 2nd period - Stopped by Robin Lehner without a rebound.
5:19 of 2nd period - Phillip Danault wins face-off versus Nazem Kadri in MONTREAL zone.
7:01 of 2nd period - Shot by Nikolaj Ehlers.
7:01 of 2nd period - Stopped by Robin Lehner with a rebound.
7:24 of 2nd period - Icing by Connor Murphy.
7:25 of 2nd period - Vincent Trocheck wins face-off versus Jonathan Huberdeau in MONTREAL zone.
7:54 of 2nd period - Shot by Nino Niederreiter.
7:54 of 2nd period - Shot Misses the Net.
7:58 of 2nd period - Shot by Phillip Danault.
7:58 of 2nd period - Shot Blocked by Ryan Ellis.
8:12 of 2nd period - Shot by Phillip Danault.
8:12 of 2nd period - Stopped by Petr Mrazek with a rebound.
8:32 of 2nd period - Shot by Nathan MacKinnon.
8:32 of 2nd period - Stopped by Petr Mrazek without a rebound.
8:33 of 2nd period - Nazem Kadri wins face-off versus Mark Jankowski in VANCOUVER zone.
8:33 of 2nd period - Nazem Kadri is hit by Wayne Simmonds.
8:38 of 2nd period - Nikolaj Ehlers is hit by Tony DeAngelo and loses puck.
8:48 of 2nd period - Nazem Kadri is hit by Tony DeAngelo and loses puck.
10:00 of 2nd period - TJ Brodie is hit by Nino Niederreiter and loses puck.
10:17 of 2nd period - Shot by Tomas Tatar.
10:17 of 2nd period - Stopped by Petr Mrazek without a rebound.
10:18 of 2nd period - Vincent Trocheck wins face-off versus Sheldon Dries in VANCOUVER zone.
10:46 of 2nd period - Shot by Troy Brouwer.
10:46 of 2nd period - Shot Misses the Net.
11:24 of 2nd period - Off-side.
11:25 of 2nd period - Nazem Kadri wins face-off versus Max Pacioretty in neutral zone.
12:26 of 2nd period - Shot by Tomas Tatar.
12:26 of 2nd period - Shot Misses the Net.
12:28 of 2nd period - Shot by Phillip Danault.
12:28 of 2nd period - Shot Blocked by Tyler Seguin.
12:46 of 2nd period - Shot by Tomas Tatar.
12:46 of 2nd period - Stopped by Petr Mrazek with a rebound.
14:25 of 2nd period - Shot by Zach Parise.
14:25 of 2nd period - Stopped by Robin Lehner without a rebound.
14:26 of 2nd period - Nathan MacKinnon wins face-off versus Sheldon Dries in MONTREAL zone.
15:26 of 2nd period - Shot by Nazem Kadri.
15:26 of 2nd period - Shot Misses the Net.
15:37 of 2nd period - Phillip Danault is hit by Nazem Kadri and loses puck.
15:52 of 2nd period - Nazem Kadri is hit by Tomas Tatar and loses puck.
16:18 of 2nd period - Vincent Trocheck is hit by Erik Johnson and loses puck.
16:56 of 2nd period - Icing by Ryan Ellis.
16:57 of 2nd period - Nathan MacKinnon wins face-off versus Tyler Seguin in VANCOUVER zone.
17:03 of 2nd period - Max Pacioretty is hit by Ryan Ellis and loses puck.
17:07 of 2nd period - Max Pacioretty is hit by Erik Johnson.
18:11 of 2nd period - Shot by Wayne Simmonds.
18:11 of 2nd period - Shot Blocked by Ryan Ellis.
18:38 of 2nd period - Phillip Danault is hit by Erik Johnson and loses puck.
19:04 of 2nd period - Off-side.
19:05 of 2nd period - Nazem Kadri wins face-off versus Nathan MacKinnon in neutral zone.
19:05 of 2nd period - Hampus Lindholm is hit by Max Pacioretty and loses puck.
Goals for this period are 0 for MONTREAL vs 0 for VANCOUVER.
Shots for this period are 5 for MONTREAL vs 9 for VANCOUVER.

3rd period


0:01 of 3rd period - Nazem Kadri wins face-off versus Nathan MacKinnon in neutral zone.
0:04 of 3rd period - Alex Iafallo is hit by Nikolaj Ehlers and loses puck.
0:31 of 3rd period - Shot by Nathan MacKinnon.
0:31 of 3rd period - Shot Misses the Net.
0:33 of 3rd period - Shot by Alex Iafallo.
0:33 of 3rd period - Shot Blocked by Sami Vatanen.
1:11 of 3rd period - Shot by Tomas Tatar.
1:11 of 3rd period - Stopped by Petr Mrazek without a rebound.
1:12 of 3rd period - Tyler Seguin wins face-off versus Vincent Trocheck in VANCOUVER zone.
1:15 of 3rd period - Minor Penalty to Vincent Trocheck for Holding.
1:16 of 3rd period - Tyler Seguin wins face-off versus Phillip Danault in MONTREAL zone.
1:21 of 3rd period - Shot by Ryan Ellis.
1:21 of 3rd period - Stopped by Robin Lehner without a rebound.
1:22 of 3rd period - Phillip Danault wins face-off versus Tyler Seguin in MONTREAL zone.
1:22 of 3rd period - Phillip Danault is hit by Tyler Seguin.
2:42 of 3rd period - Shot by Hampus Lindholm.
2:42 of 3rd period - Shot Misses the Net.
2:44 of 3rd period - Shot by Nikolaj Ehlers.
2:44 of 3rd period - Shot Misses the Net.
2:46 of 3rd period - Shot by Zach Parise.
2:46 of 3rd period - Stopped by Robin Lehner without a rebound.
2:47 of 3rd period - Mark Jankowski wins face-off versus Nazem Kadri in MONTREAL zone.
3:06 of 3rd period - Shot by Sami Vatanen.
3:06 of 3rd period - Shot Misses the Net.
3:17 of 3rd period - Icing by P.K. Subban.
3:18 of 3rd period - Nick Schmaltz wins face-off versus Nathan MacKinnon in MONTREAL zone.
3:39 of 3rd period - Shot by Nick Schmaltz.
3:39 of 3rd period - Shot Misses the Net.
5:04 of 3rd period - Keith Yandle is hit by Jonathan Huberdeau and loses puck.
5:12 of 3rd period - Minor Penalty to Troy Brouwer for Slashing.
5:13 of 3rd period - Nazem Kadri wins face-off versus Max Pacioretty in VANCOUVER zone.
5:36 of 3rd period - Shot by P.K. Subban.
5:36 of 3rd period - Stopped by Petr Mrazek without a rebound.
5:37 of 3rd period - Phillip Danault wins face-off versus Nazem Kadri in VANCOUVER zone.
5:37 of 3rd period - Phillip Danault is hit by Hampus Lindholm.
6:04 of 3rd period - Keith Yandle is hit by Ryan Ellis and loses puck.
6:44 of 3rd period - Shot by Tomas Tatar.
6:44 of 3rd period - Stopped by Petr Mrazek with a rebound.
6:46 of 3rd period - Shot by Tomas Tatar.
6:46 of 3rd period - Stopped by Petr Mrazek without a rebound.
6:47 of 3rd period - Nathan MacKinnon wins face-off versus Nazem Kadri in VANCOUVER zone.
7:18 of 3rd period - Shot by Wayne Simmonds.
7:18 of 3rd period - Goal by Wayne Simmonds - MONTREAL : 3 - VANCOUVER : 1.
7:19 of 3rd period - Tyler Seguin wins face-off versus Mark Jankowski in neutral zone.
7:25 of 3rd period - Minor Penalty to Tyler Seguin for Hooking.
7:26 of 3rd period - Nathan MacKinnon wins face-off versus Nazem Kadri in VANCOUVER zone.
7:47 of 3rd period - Shot by Nathan MacKinnon.
7:47 of 3rd period - Stopped by Petr Mrazek without a rebound.
7:48 of 3rd period - Phillip Danault wins face-off versus Sheldon Dries in VANCOUVER zone.
8:24 of 3rd period - Off-side.
8:25 of 3rd period - Nathan MacKinnon wins face-off versus Nazem Kadri in neutral zone.
8:48 of 3rd period - Shot by Keith Yandle.
8:48 of 3rd period - Shot Misses the Net.
9:12 of 3rd period - Shot by Roope Hintz.
9:12 of 3rd period - Shot Misses the Net.
9:28 of 3rd period - Icing by Erik Gustafsson.
9:29 of 3rd period - Mark Jankowski wins face-off versus Tyler Seguin in MONTREAL zone.
9:58 of 3rd period - Shot by Mark Stone.
9:58 of 3rd period - Deflect By Jonathan Huberdeau.
9:58 of 3rd period - Shot Blocked by Brock McGinn.
10:33 of 3rd period - Off-side.
10:34 of 3rd period - Sheldon Dries wins face-off versus Nathan MacKinnon in neutral zone.
10:56 of 3rd period - Off-side.
10:57 of 3rd period - Nazem Kadri wins face-off versus Phillip Danault in neutral zone.
11:00 of 3rd period - Shot by Nikolaj Ehlers.
11:00 of 3rd period - Shot Misses the Net.
11:02 of 3rd period - Shot by Zach Parise.
11:02 of 3rd period - Deflect By Nikolaj Ehlers.
11:02 of 3rd period - Stopped by Robin Lehner without a rebound.
11:03 of 3rd period - Phillip Danault wins face-off versus Nick Schmaltz in MONTREAL zone.
11:33 of 3rd period - Shot by Nick Schmaltz.
11:33 of 3rd period - Shot Misses the Net.
12:05 of 3rd period - Off-side.
12:06 of 3rd period - Nazem Kadri wins face-off versus Nathan MacKinnon in neutral zone.
12:14 of 3rd period - Alex Iafallo is hit by Luca Sbisa and loses puck.
12:22 of 3rd period - Icing by TJ Brodie.
12:23 of 3rd period - Vincent Trocheck wins face-off versus Nikolaj Ehlers in VANCOUVER zone.
12:38 of 3rd period - Shot by Roope Hintz.
12:38 of 3rd period - Shot Blocked by Luca Sbisa.
12:40 of 3rd period - Shot by Vincent Trocheck.
12:40 of 3rd period - Shot Misses the Net.
12:41 of 3rd period - Minor Penalty to Luca Sbisa for Hooking.
12:42 of 3rd period - Nathan MacKinnon wins face-off versus Nazem Kadri in VANCOUVER zone.
12:53 of 3rd period - Shot by Tony DeAngelo.
12:53 of 3rd period - Shot Misses the Net.
12:55 of 3rd period - Shot by Tony DeAngelo.
12:55 of 3rd period - Stopped by Petr Mrazek with a rebound.
12:57 of 3rd period - Shot by Keith Yandle.
12:57 of 3rd period - Stopped by Petr Mrazek without a rebound.
12:58 of 3rd period - Nazem Kadri wins face-off versus Roope Hintz in VANCOUVER zone.
12:58 of 3rd period - Sami Vatanen is hit by Vincent Trocheck and loses puck.
13:15 of 3rd period - Shot by Erik Gustafsson.
13:15 of 3rd period - Stopped by Petr Mrazek without a rebound.
13:16 of 3rd period - Nazem Kadri wins face-off versus Nathan MacKinnon in VANCOUVER zone.
13:28 of 3rd period - Off-side.
13:29 of 3rd period - Phillip Danault wins face-off versus Sheldon Dries in neutral zone.
14:31 of 3rd period - Tony DeAngelo is hit by Zach Parise and loses puck.
14:53 of 3rd period - Mark Stone is hit by Connor Murphy and loses puck.
14:56 of 3rd period - Shot by Mark Stone.
14:56 of 3rd period - Shot Blocked by Keith Yandle.
15:02 of 3rd period - Shot by Jonathan Huberdeau.
15:02 of 3rd period - Shot Misses the Net.
15:11 of 3rd period - Tyler Seguin is hit by Connor Murphy and loses puck.
15:17 of 3rd period - Icing by Connor Murphy.
15:18 of 3rd period - Sheldon Dries wins face-off versus Brock McGinn in MONTREAL zone.
15:51 of 3rd period - Shot by Sheldon Dries.
15:51 of 3rd period - Stopped by Robin Lehner with a rebound.
17:06 of 3rd period - Shot by Mark Stone.
17:06 of 3rd period - Stopped by Robin Lehner without a rebound.
17:06 of 3rd period - Minor Penalty to Robin Lehner for Delaying the game.
17:07 of 3rd period - Vincent Trocheck wins face-off versus Tyler Seguin in MONTREAL zone.
17:19 of 3rd period - Icing by Jonathan Huberdeau.
17:20 of 3rd period - Tyler Seguin wins face-off versus Vincent Trocheck in VANCOUVER zone.
17:41 of 3rd period - Shot by Mark Stone.
17:41 of 3rd period - Shot Misses the Net.
18:23 of 3rd period - Shot by Sami Vatanen.
18:23 of 3rd period - Shot Misses the Net.
18:31 of 3rd period - Shot by Sami Vatanen.
18:31 of 3rd period - Stopped by Robin Lehner without a rebound.
18:32 of 3rd period - Mark Stone wins face-off versus Phillip Danault in MONTREAL zone.
18:43 of 3rd period - Shot by Tyler Seguin.
18:43 of 3rd period - Shot Misses the Net.
19:15 of 3rd period - Icing by Tony DeAngelo.
19:16 of 3rd period - Nathan MacKinnon wins face-off versus Zach Parise in MONTREAL zone.
19:25 of 3rd period - Shot by Nathan MacKinnon.
19:25 of 3rd period - Stopped by Petr Mrazek without a rebound.
19:26 of 3rd period - Vincent Trocheck wins face-off versus Nick Schmaltz in VANCOUVER zone.
19:45 of 3rd period - Shot by Joel Armia.
19:45 of 3rd period - Stopped by Petr Mrazek with a rebound.
19:47 of 3rd period - Shot by Nathan Beaulieu.
19:47 of 3rd period - Goal by Nathan Beaulieu - MONTREAL : 4 - VANCOUVER : 1.
19:48 of 3rd period - Nazem Kadri wins face-off versus Tomas Tatar in neutral zone.
19:53 of 3rd period - Icing by P.K. Subban.
19:54 of 3rd period - Nazem Kadri wins face-off versus Phillip Danault in MONTREAL zone.
Goals for this period are 2 for MONTREAL vs 0 for VANCOUVER.
Shots for this period are 12 for MONTREAL vs 6 for VANCOUVER.